AoeStats
← AigleRumeur1

Arabia

509442667Analyzed
1v1 RM · 4d ago on Sep 26, 2026· 46m 46s· 2 players
Game mode
Random Map
Map size
Tiny (2 player)
Population
200
Speed
Normal
Resources
Standard
Victory
Conquest
Starting age
Dark Age
Ending age
Imperial Age
RankedLock teamsTeams togetherTeam positionsShared explorationLock speedFull tech treeHidden civsTurbo modeCheats
Victory
Defeat
🇬🇧 Varangians · United Kingdom
1089
+16
🇫🇮 Tatars · Finland
1088
-16
Parking Pataweyo
7:50 Loom
7:53 Loom
9:52 Feudal Age
10:12 Man-at-Arms
11:25 Arson
11:28 Horse Collar
11:54 Loom
13:19 Double-Bit Axe
14:58 Scale Mail Armor
16:41 Wheelbarrow
17:38 Town Watch
21:02 Castle Age
21:08 Forging
22:26 Husbandry
23:07 Hand Cart
23:58 Stone Mining
24:20 Bloodlines
25:14 Heavy Plow
27:48 Scale Barding Armor
28:10 Pikeman
31:26 Bow Saw
32:22 Squires
34:45 Iron Casting
35:44 Gold Mining
38:53 Imperial Age
37:06 Ballistics
36:56 Masonry
36:29 Treadmill Crane
37:02 Town Patrol
39:57 Conscription
40:28 Fletching
40:39 Padded Archer Armor
41:40 Blast Furnace
40:35 Halberdier
AigleRumeur1
6:25 Loom
9:37 Feudal Age
10:14 Double-Bit Axe
17:31 Bloodlines
18:05 Horse Collar
22:46 Castle Age
21:07 Scale Barding Armor
22:12 Forging
23:01 Light Cavalry
23:43 Husbandry
24:07 Chain Barding Armor
25:50 Iron Casting
27:23 Wheelbarrow
26:34 Town Watch
27:10 Pikeman
28:17 Stone Mining
28:17 Gold Mining
30:21 Heavy Plow
30:34 Bow Saw
36:07 Stone Shaft Mining
35:18 Vendel Legacy
36:38 Hand Cart
41:00 Imperial Age
39:50 Fletching
41:32 Bodkin Arrow
41:38 Scale Mail Armor
41:41 Cavalier
44:06 Conscription
Connection lost

Rejoining the realm…

Still unreachable

The connection could not be restored.

Session expired

The server has moved on; the page needs a fresh start.